Senators vs Wolves

Created - February 26, 2022 at 22:03

Goals
1 2 3 OT1 SO T
Senators 1 0 2 0 0 3
Wolves 1 1 1 0 1 4
Shots
1 2 3 OT1 SO T
Senators 17 9 5 0 3 31
Wolves 12 11 8 1 2 32

1st period

1. Wolves , Antti Suomela 15 (Fredrik Olofsson 4) at 4:07
2. Senators , Tomas Jurco 18 (Zachary Sanford 22, Christoph Bertschy 28) at 11:05 (PP)

Penalties :
Antti Suomela (Chi) for Interference (Minor) at 11:00, Joe Morrow (Chi) for Holding (Minor) at 16:14

2nd period

3. Wolves , Eric Robinson 6 (Kyle Rau 31) at 14:53

Penalties :
Jeffrey Foss (Chi) for Hooking (Minor) at 19:39

3rd period

4. Senators , William Bitten 4 (Dylan Blujus 10, Kevin Rooney 8) at 8:35
5. Senators , Jordan Schroeder 5 (Oliver Bjorkstrand 15) at 10:20
6. Wolves , Kieffer Bellows 2 (Joe Morrow 29, Matthew Highmore 4) at 15:08

Penalties :
Wade Allison (Chi) for Tripping (Minor) at 12:56

Overtime #1

No Goal

Penalties :
No Penalty

Shootout

Senators, Tomas Jurco - Stopped by Laurent Brossoit
Wolves, Alexandre Grenier - Goal!
Senators, Oliver Bjorkstrand - Stopped by Laurent Brossoit
Wolves, Kyle Rau - Stopped by Sami Aittokallio
Senators, Zachary Sanford - Shot Misses the Net

Penalties :
No Penalty

Goalie Stats

Sami Aittokallio (Bel), 29 saves from 32 shots - (0.906), OTL, 14-7-4, 65:00 minutes
Laurent Brossoit (Chi), 28 saves from 31 shots - (0.903), W, 16-5-4, 65:00 minutes

Players Stats for Senators

Player Name              G  A  P  +/- PIM S  H  SB GA TA FO     MP     PP MP  PK MP  
------------------------------------------------------------------------------------
Anthony Richard          0  0  0  -1  0   0  0  0  0  0  0/0     1:39   0:02   0:00 
Chandler Stephenson      0  0  0   1  0   0  0  0  0  0  3/3     7:07   0:00   0:00 
Christoph Bertschy       0  1  1  -1  0   3  0  0  1  0  10/25  23:47   3:18   0:00 
Dmitry Sinitsyn          0  0  0  -2  0   1  3  2  1  1  0/0    28:59   3:45   0:00 
Dylan Blujus             0  1  1   0  0   4  0  0  0  0  0/0    21:34   2:17   0:00 
Grant Besse              0  0  0  -2  0   1  1  1  0  0  0/0    13:19   0:02   0:00 
Jack Dougherty           0  0  0   1  0   2  0  1  0  0  0/0    14:36   0:00   0:00 
Joonas Lyytinen          0  0  0   1  0   2  0  1  1  0  0/0    14:16   0:00   0:00 
Jordan Schroeder         1  0  1   1  0   2  3  0  0  0  8/17   20:24   2:42   0:00 
Keegan Lowe              0  0  0  -2  0   2  1  0  0  1  0/0    25:28   3:45   0:00 
Kevin Rooney             0  1  1  -1  0   0  0  1  0  0  3/6    14:58   0:00   0:00 
Mason Geertsen           0  0  0   0  0   0  0  0  0  0  0/0     3:33   0:00   0:00 
Oliver Bjorkstrand       0  1  1   1  0   0  2  0  0  0  0/1    18:44   2:42   0:00 
Scott Harrington         0  0  0   0  0   1  1  0  0  1  0/0    21:34   2:17   0:00 
Tomas Jurco              1  0  1  -1  0   2  0  0  2  3  1/1    20:47   3:18   0:00 
Vitaly Abramov           0  0  0  -2  0   1  0  0  0  0  0/1    13:46   0:02   0:00 
William Bitten           1  0  1   1  0   1  1  0  0  1  0/0     7:07   0:00   0:00 
Zachary Sanford          0  1  1  -1  0   7  2  3  0  1  1/3    27:13   3:18   0:00 
Zemgus Girgensons        0  0  0   2  0   2  5  0  0  0  0/0    21:09   2:42   0:00 

Players Stats for Wolves

Player Name              G  A  P  +/- PIM S  H  SB GA TA FO     MP     PP MP  PK MP  
------------------------------------------------------------------------------------
Alexandre Grenier        0  0  0   0  0   5  1  0  2  1  0/1    18:46   0:00   0:00 
Anton Lindholm           0  0  0   0  0   0  0  0  0  0  0/0    22:30   0:00   2:14 
Antti Suomela            1  0  1   1  2   2  1  0  1  0  2/5    12:45   0:00   0:26 
Eric Robinson            1  0  1   1  0   1  1  0  0  0  1/2    12:07   0:00   0:50 
Fredrik Olofsson         0  1  1   0  0   1  1  0  0  1  0/0    13:34   0:00   1:06 
Jalen Chatfield          0  0  0   0  0   0  1  0  0  0  0/0    15:17   0:00   1:12 
Jeff Petry               0  0  0   0  0   1  0  0  0  0  0/0    23:19   0:00   3:03 
Jeffrey Foss             0  0  0   1  2   2  1  0  0  2  0/0    27:36   0:00   2:22 
Joe Morrow               0  1  1   1  2   3  1  3  0  0  0/0    27:53   0:00   2:39 
Kieffer Bellows          1  0  1   0  0   1  1  0  0  0  1/1     8:27   0:00   0:00 
Kyle Rau                 0  1  1   0  0   1  1  1  1  0  12/16  20:43   0:00   3:17 
Lawson Crouse            0  0  0   0  0   0  0  1  0  0  1/1    23:47   0:00   3:09 
Matthew Highmore         0  1  1   0  0   1  0  0  0  1  0/2     8:21   0:00   0:00 
Samuel Girard            0  0  0   0  0   1  1  1  0  0  0/0    14:01   0:00   0:34 
Sebastian Aho            0  0  0   0  0   4  3  0  1  0  14/28  21:41   0:00   1:33 
Thomas Spelling          0  0  0   0  0   4  4  1  1  0  0/0    19:30   0:00   1:43 
Victor Olofsson          0  0  0   1  0   4  2  0  1  0  0/1    15:09   0:00   0:00 
Wade Allison             0  0  0   0  2   1  2  0  1  0  0/0     8:28   0:00   0:00 

3 Stars

1 - Jordan Schroeder (Bel)
2 - Eric Robinson (Chi)
3 - William Bitten (Bel)

Power Play

Senators - 1 on 4 Attempt(s) - 25.00%
Wolves - 0 on 0 Attempt(s) - 0.00%

Penalty Kill

Senators - 0 on 0 Attempt(s) - 0.00% - Score 0 goal in Penalty Kill
Wolves - 3 on 4 Attempt(s) - 75.00% - Score 0 goal in Penalty Kill

Team Stat

Senators - Hits : 19 - Faceoff Wins : 26 - Blocked Shots : 9 - Penalty Minutes : 0
Wolves - Hits : 21 - Faceoff Wins : 31 - Blocked Shots : 7 - Penalty Minutes : 8

Official

Referees : Chris Schlenker and Jacob Brenk
Linesman : Kyle Flemington and Brian Mach

Game Notes

Eric Robinson is injured at 19:22 of 2nd period (Strained Back)

Finance

Level 1 -- Attendance: 1760 (88.00%) -- Ticket Income $61,600
Level 2 -- Attendance: 937 (93.70%) -- Ticket Income $14,055
Total Attendance: 2697 (89.90%)
Total Ticket Income: $75,655
Other Income: $3,783
Total Income: $79,438

Senators

5 vs 5 Forward 
   Center                   Left Wing                Right Wing               Time % Phy DF OF 
 1 Christoph Bertschy       Zachary Sanford          Tomas Jurco              40     0   1  4  
 2 Jordan Schroeder         Zemgus Girgensons        Oliver Bjorkstrand       30     0   1  4  
 3 Kevin Rooney             Vitaly Abramov           Grant Besse              20     1   1  3  
 4 Chandler Stephenson      Zachary Sanford          William Bitten           10     0   2  3  

5 vs 5 Defense 
   Defense                  Defense                                           Time % Phy DF OF 
 1 Dmitry Sinitsyn          Keegan Lowe                                       40     0   2  3  
 2 Dylan Blujus             Scott Harrington                                  30     0   2  3  
 3 Jack Dougherty           Joonas Lyytinen                                   20     1   2  2  
 4 Mason Geertsen           Dmitry Sinitsyn                                   10     1   2  2  

PowerPlay Forward 
   Center                   Left Wing                Right Wing               Time % Phy DF OF 
 1 Christoph Bertschy       Zachary Sanford          Tomas Jurco              60     0   1  4  
 2 Jordan Schroeder         Zemgus Girgensons        Oliver Bjorkstrand       40     0   1  4  

PowerPlay Defense
   Defense                  Defense                                           Time % Phy DF OF 
 1 Dmitry Sinitsyn          Keegan Lowe                                       60     0   1  4  
 2 Dylan Blujus             Scott Harrington                                  40     0   1  4  

Penalty Kill 4 Players Forward 
   Center                   Wing                     Time % Phy DF OF 
 1 Christoph Bertschy       Zachary Sanford          60     1   4  0  
 2 Jordan Schroeder         Zemgus Girgensons        40     1   4  0  

Penalty Kill 4 Players Defense
   Defense                  Defense                  Time % Phy DF OF 
 1 Dmitry Sinitsyn          Keegan Lowe              60     1   4  0  
 2 Dylan Blujus             Scott Harrington         40     1   4  0  

Penalty Kill - 3 Players Forward 
   Forward                                           Time % Phy DF OF 
 1 Christoph Bertschy                                60     1   4  0  
 2 Jordan Schroeder                                  40     1   4  0  

Penalty Kill - 3 Players Defense
   Defense                  Defense                  Time % Phy DF OF 
 1 Dmitry Sinitsyn          Keegan Lowe              60     1   4  0  
 2 Dylan Blujus             Scott Harrington         40     1   4  0  

4 vs 4 Forward 
   Center                   Wing                     Time % Phy DF OF 
 1 Christoph Bertschy       Zachary Sanford          60     0   1  4  
 2 Jordan Schroeder         Zemgus Girgensons        40     0   1  4  

4 vs 4 Defense
   Defense                  Defense                  Time % Phy DF OF 
 1 Dmitry Sinitsyn          Keegan Lowe              60     0   2  3  
 2 Dylan Blujus             Scott Harrington         40     0   2  3  

Last Minutes Offensive
   Center                   Left Wing                Right Wing               Defense                  Defense                  
   Christoph Bertschy       Zachary Sanford          Tomas Jurco              Dmitry Sinitsyn          Keegan Lowe              

Last Minutes Defensive
   Center                   Left Wing                Right Wing               Defense                  Defense                  
   Christoph Bertschy       Zachary Sanford          Tomas Jurco              Dmitry Sinitsyn          Keegan Lowe              

Goaltenders
Starting : Sami Aittokallio         
Backup : Scott Wedgewood          

Extra Forwards
Normal : Christoph Bertschy, Jordan Schroeder, Kevin Rooney - PP : Christoph Bertschy, Jordan Schroeder - PK : Christoph Bertschy
Extra Defensemen
Normal : Jack Dougherty, Joonas Lyytinen, Mason Geertsen - PP : Jack Dougherty - PK : Jack Dougherty, Joonas Lyytinen
Penalty Shots
Tomas Jurco, Oliver Bjorkstrand, Zachary Sanford, Zemgus Girgensons, Christoph Bertschy

Scratches
Adam Ollas-Mattsson (Healthy), Anthony Bitetto (Right Foot Injury), Gustav Forsling (Healthy), Jake Evans (Healthy), Jonas Siegenthaler (Healthy)
Arttu Ruotsalainen (Healthy), Cliff Pu (Healthy), Keven Bouchard (Healthy)

Wolves

5 vs 5 Forward 
   Center                   Left Wing                Right Wing               Time % Phy DF OF 
 1 Sebastian Aho            Lawson Crouse            Alexandre Grenier        40     1   2  2  
 2 Kyle Rau                 Eric Robinson            Thomas Spelling          30     1   2  2  
 3 Antti Suomela            Fredrik Olofsson         Victor Olofsson          20     1   2  2  
 4 Matthew Highmore         Kieffer Bellows          Wade Allison             10     1   2  2  

5 vs 5 Defense 
   Defense                  Defense                                           Time % Phy DF OF 
 1 Jeffrey Foss             Joe Morrow                                        40     1   2  2  
 2 Anton Lindholm           Jeff Petry                                        30     1   2  2  
 3 Jalen Chatfield          Samuel Girard                                     20     1   2  2  
 4 Jeffrey Foss             Joe Morrow                                        10     1   2  2  

PowerPlay Forward 
   Center                   Left Wing                Right Wing               Time % Phy DF OF 
 1 Kyle Rau                 Lawson Crouse            Alexandre Grenier        60     1   2  2  
 2 Sebastian Aho            Eric Robinson            Thomas Spelling          40     1   2  2  

PowerPlay Defense
   Defense                  Defense                                           Time % Phy DF OF 
 1 Jeffrey Foss             Joe Morrow                                        60     1   2  2  
 2 Anton Lindholm           Jeff Petry                                        40     1   2  2  

Penalty Kill 4 Players Forward 
   Center                   Wing                     Time % Phy DF OF 
 1 Kyle Rau                 Lawson Crouse            60     1   2  2  
 2 Sebastian Aho            Eric Robinson            40     1   2  2  

Penalty Kill 4 Players Defense
   Defense                  Defense                  Time % Phy DF OF 
 1 Jeffrey Foss             Joe Morrow               60     1   2  2  
 2 Anton Lindholm           Jeff Petry               40     1   2  2  

Penalty Kill - 3 Players Forward 
   Forward                                           Time % Phy DF OF 
 1 Kyle Rau                                          60     1   2  2  
 2 Sebastian Aho                                     40     1   2  2  

Penalty Kill - 3 Players Defense
   Defense                  Defense                  Time % Phy DF OF 
 1 Jeffrey Foss             Joe Morrow               60     1   2  2  
 2 Anton Lindholm           Jeff Petry               40     1   2  2  

4 vs 4 Forward 
   Center                   Wing                     Time % Phy DF OF 
 1 Kyle Rau                 Lawson Crouse            60     1   2  2  
 2 Sebastian Aho            Eric Robinson            40     1   2  2  

4 vs 4 Defense
   Defense                  Defense                  Time % Phy DF OF 
 1 Jeffrey Foss             Joe Morrow               60     1   2  2  
 2 Anton Lindholm           Jeff Petry               40     1   2  2  

Last Minutes Offensive
   Center                   Left Wing                Right Wing               Defense                  Defense                  
   Kyle Rau                 Lawson Crouse            Alexandre Grenier        Jeffrey Foss             Joe Morrow               

Last Minutes Defensive
   Center                   Left Wing                Right Wing               Defense                  Defense                  
   Kyle Rau                 Lawson Crouse            Alexandre Grenier        Jeffrey Foss             Joe Morrow               

Goaltenders
Starting : Laurent Brossoit         
Backup : Ebbe Siönäs              

Extra Forwards
Normal : Thomas Spelling, Victor Olofsson, Antti Suomela - PP : Thomas Spelling, Victor Olofsson - PK : Thomas Spelling
Extra Defensemen
Normal : Jeff Petry, Jalen Chatfield, Samuel Girard - PP : Jeff Petry - PK : Jeff Petry, Jalen Chatfield
Penalty Shots
Alexandre Grenier, Kyle Rau, Sebastian Aho, Lawson Crouse, Thomas Spelling

Scratches
Jakub Zboril (Healthy), Kevin Stenlund (Healthy), Zachary Senyshyn (Healthy), Liam O'Brien (Healthy), Dylan Coghlan (Healthy)
Joona Koppanen (Healthy), Sergei Kostenko (Healthy)

% Time on Ice - Senators

Lines # - Real PCT - Wanted PCT - Time Play
Normal Forward
1 - 34% - 40% - 18:18
2 - 30% - 30% - 16:02
3 - 23% - 20% - 12:31
4 - 13% - 10% - 7:07
Normal Defense
1 - 36% - 40% - 19:18
2 - 32% - 30% - 17:14
3 - 26% - 20% - 13:53
4 - 7% - 10% - 3:33
PP Forward
1 - 55% - 60% - 3:20
2 - 45% - 40% - 2:42
PP Defense
1 - 62% - 60% - 3:45
2 - 38% - 40% - 2:17
PK Forward
1 - 0% - 60%
2 - 0% - 40%
PK Defense
1 - 0% - 60%
2 - 0% - 40%
PK3 Forward
1 - 0% - 60%
2 - 0% - 40%
PK3 Defense
1 - 0% - 60%
2 - 0% - 40%
44 Forward
1 - 93% - 60% - 4:40
2 - 7% - 40% - 0:20
44 Defense
1 - 59% - 60% - 2:57
2 - 41% - 40% - 2:03
Last Minute Offensive  - 0:00
Last Minute Defensive  - 0:00
Total
Forward - 65:00
Defense - 65:00

% Time on Ice - Wolves

Lines # - Real PCT - Wanted PCT - Time Play
Normal Forward
1 - 36% - 40% - 19:40
2 - 30% - 30% - 16:00
3 - 18% - 20% - 9:57
4 - 15% - 10% - 8:21
Normal Defense
1 - 37% - 40% - 20:10
2 - 34% - 30% - 18:21
3 - 23% - 20% - 12:39
4 - 5% - 10% - 2:48
PP Forward
1 - 0% - 60%
2 - 0% - 40%
PP Defense
1 - 0% - 60%
2 - 0% - 40%
PK Forward
1 - 74% - 60% - 4:29
2 - 26% - 40% - 1:33
PK Defense
1 - 72% - 60% - 4:22
2 - 28% - 40% - 1:40
PK3 Forward
1 - 0% - 60%
2 - 0% - 40%
PK3 Defense
1 - 0% - 60%
2 - 0% - 40%
44 Forward
1 - 72% - 60% - 3:37
2 - 28% - 40% - 1:23
44 Defense
1 - 62% - 60% - 3:05
2 - 38% - 40% - 1:55
Last Minute Offensive  - 0:00
Last Minute Defensive  - 0:00
Total
Forward - 65:00
Defense - 65:00

Play-by-Play

1st period


0:01 of 1st period - Sebastian Aho wins face-off versus Christoph Bertschy in neutral zone.
0:04 of 1st period - Slapshot by Lawson Crouse.
0:04 of 1st period - Deflect By Alexandre Grenier.
0:04 of 1st period - Stopped by Sami Aittokallio without a rebound.
0:05 of 1st period - Sebastian Aho wins face-off versus Christoph Bertschy in Senators zone.
0:30 of 1st period - Slapshot by Kyle Rau.
0:30 of 1st period - Stopped by Sami Aittokallio without a rebound.
0:31 of 1st period - Kyle Rau wins face-off versus Jordan Schroeder in Senators zone.
0:40 of 1st period - Wrist shot by Thomas Spelling.
0:40 of 1st period - Stopped by Sami Aittokallio without a rebound.
0:41 of 1st period - Kevin Rooney wins face-off versus Antti Suomela in Senators zone.
1:10 of 1st period - Zachary Sanford is hit by Thomas Spelling and loses puck.
1:52 of 1st period - Jack Dougherty is hit by Sebastian Aho and loses puck.
2:39 of 1st period - Slapshot by Thomas Spelling.
2:39 of 1st period - Stopped by Sami Aittokallio without a rebound.
2:40 of 1st period - Jordan Schroeder wins face-off versus Sebastian Aho in Senators zone.
2:47 of 1st period - Scott Harrington is hit by Jeffrey Foss and loses puck.
3:16 of 1st period - Zachary Sanford is hit by Eric Robinson and loses puck.
3:31 of 1st period - Jalen Chatfield is hit by Dmitry Sinitsyn and loses puck.
3:55 of 1st period - Wrist shot by Antti Suomela.
3:55 of 1st period - Stopped by Sami Aittokallio with a rebound.
3:57 of 1st period - Slapshot by Samuel Girard.
3:57 of 1st period - Stopped by Sami Aittokallio with a rebound.
4:07 of 1st period - Slapshot by Antti Suomela.
4:07 of 1st period - Goal by Antti Suomela - Senators : 0 - Wolves : 1.
4:08 of 1st period - Christoph Bertschy wins face-off versus Sebastian Aho in neutral zone.
4:17 of 1st period - Snap shot by Christoph Bertschy.
4:17 of 1st period - Stopped by Laurent Brossoit without a rebound.
4:18 of 1st period - Christoph Bertschy wins face-off versus Sebastian Aho in Wolves zone.
4:23 of 1st period - Snap shot by Christoph Bertschy.
4:23 of 1st period - Stopped by Laurent Brossoit with a rebound.
4:25 of 1st period - Wrist shot by Christoph Bertschy.
4:25 of 1st period - Shot Blocked by Joe Morrow.
4:45 of 1st period - Slapshot by Zachary Sanford.
4:45 of 1st period - Stopped by Laurent Brossoit with a rebound.
4:47 of 1st period - Slapshot by Jack Dougherty.
4:47 of 1st period - Stopped by Laurent Brossoit without a rebound.
4:48 of 1st period - Jordan Schroeder wins face-off versus Eric Robinson in Wolves zone.
4:51 of 1st period - Slapshot by Oliver Bjorkstrand.
4:51 of 1st period - Deflect By Jordan Schroeder.
4:51 of 1st period - Stopped by Laurent Brossoit with a rebound.
4:53 of 1st period - Wrist shot by Zemgus Girgensons.
4:53 of 1st period - Shot Misses the Net.
4:55 of 1st period - Snap shot by Dmitry Sinitsyn.
4:55 of 1st period - Shot Misses the Net.
4:57 of 1st period - Snap shot by Jordan Schroeder.
4:57 of 1st period - Shot Misses the Net.
4:59 of 1st period - Slapshot by Dmitry Sinitsyn.
4:59 of 1st period - Shot Blocked by Kyle Rau.
5:01 of 1st period - Slapshot by Dmitry Sinitsyn.
5:01 of 1st period - Shot Hit the Post.
5:36 of 1st period - Slapshot by Zachary Sanford.
5:36 of 1st period - Stopped by Laurent Brossoit with a rebound.
5:38 of 1st period - Slapshot by Dylan Blujus.
5:38 of 1st period - Stopped by Laurent Brossoit with a rebound.
5:40 of 1st period - Snap shot by Dylan Blujus.
5:40 of 1st period - Stopped by Laurent Brossoit with a rebound.
6:15 of 1st period - Joonas Lyytinen is hit by Thomas Spelling and loses puck.
6:31 of 1st period - Off-side.
6:32 of 1st period - Kevin Rooney wins face-off versus Sebastian Aho in neutral zone.
6:35 of 1st period - Snap shot by Vitaly Abramov.
6:35 of 1st period - Stopped by Laurent Brossoit with a rebound.
6:45 of 1st period - Snap shot by Lawson Crouse.
6:45 of 1st period - Shot Misses the Net.
6:58 of 1st period - Off-side.
6:59 of 1st period - Kieffer Bellows wins face-off versus Jordan Schroeder in neutral zone.
7:04 of 1st period - Jordan Schroeder is hit by Kieffer Bellows and loses puck.
7:50 of 1st period - Snap shot by Zachary Sanford.
7:50 of 1st period - Stopped by Laurent Brossoit with a rebound.
7:52 of 1st period - Slapshot by Scott Harrington.
7:52 of 1st period - Shot Blocked by Joe Morrow.
7:54 of 1st period - Wrist shot by Scott Harrington.
7:54 of 1st period - Deflect By Zachary Sanford.
7:54 of 1st period - Shot Misses the Net.
7:54 of 1st period - Puck is out of play.
7:55 of 1st period - Chandler Stephenson wins face-off versus Kyle Rau in Wolves zone.
8:08 of 1st period - Slapshot by Kyle Rau.
8:08 of 1st period - Shot Misses the Net.
8:10 of 1st period - Wrist shot by Thomas Spelling.
8:10 of 1st period - Deflect By Kyle Rau.
8:10 of 1st period - Shot Misses the Net.
8:10 of 1st period - Puck is out of play.
8:11 of 1st period - Sebastian Aho wins face-off versus Jordan Schroeder in Senators zone.
9:02 of 1st period - Snap shot by Victor Olofsson.
9:02 of 1st period - Stopped by Sami Aittokallio with a rebound.
10:09 of 1st period - Off-side.
10:10 of 1st period - Sebastian Aho wins face-off versus Jordan Schroeder in neutral zone.
10:19 of 1st period - Anton Lindholm is hit by Keegan Lowe and loses puck.
10:57 of 1st period - Wrist shot by Zachary Sanford.
10:57 of 1st period - Deflect By Tomas Jurco.
10:57 of 1st period - Shot Misses the Net.
10:57 of 1st period - Puck is out of play.
10:58 of 1st period - Antti Suomela wins face-off versus Zachary Sanford in Wolves zone.
11:00 of 1st period - Minor Penalty to Antti Suomela for Interference.
11:01 of 1st period - Zachary Sanford wins face-off versus Kyle Rau in Wolves zone.
11:05 of 1st period - Slapshot by Tomas Jurco.
11:05 of 1st period - Goal by Tomas Jurco - Senators : 1 - Wolves : 1.
11:06 of 1st period - Christoph Bertschy wins face-off versus Alexandre Grenier in neutral zone.
11:42 of 1st period - Joe Morrow is hit by Jordan Schroeder.
12:03 of 1st period - Slapshot by Joe Morrow.
12:03 of 1st period - Stopped by Sami Aittokallio without a rebound.
12:04 of 1st period - Sebastian Aho wins face-off versus Christoph Bertschy in Senators zone.
13:13 of 1st period - Wrist shot by Zachary Sanford.
13:13 of 1st period - Stopped by Laurent Brossoit with a rebound.
14:12 of 1st period - Thomas Spelling is hit by Zachary Sanford and loses puck.
15:12 of 1st period - Snap shot by Sebastian Aho.
15:12 of 1st period - Shot Blocked by Grant Besse.
15:45 of 1st period - Wrist shot by Victor Olofsson.
15:45 of 1st period - Stopped by Sami Aittokallio without a rebound.
15:46 of 1st period - Jordan Schroeder wins face-off versus Antti Suomela in Senators zone.
16:00 of 1st period - Wrist shot by Oliver Bjorkstrand.
16:00 of 1st period - Shot Misses the Net.
16:02 of 1st period - Slapshot by Joonas Lyytinen.
16:02 of 1st period - Stopped by Laurent Brossoit without a rebound.
16:03 of 1st period - Sebastian Aho wins face-off versus Christoph Bertschy in Wolves zone.
16:14 of 1st period - Minor Penalty to Joe Morrow for Holding.
16:15 of 1st period - Kyle Rau wins face-off versus Zachary Sanford in Wolves zone.
16:27 of 1st period - Slapshot by Zachary Sanford.
16:27 of 1st period - Shot Misses the Net.
16:29 of 1st period - Slapshot by Keegan Lowe.
16:29 of 1st period - Shot Misses the Net.
16:31 of 1st period - Slapshot by Keegan Lowe.
16:31 of 1st period - Deflect By Kyle Rau.
16:31 of 1st period - Stopped by Laurent Brossoit with a rebound.
18:14 of 1st period - Penalty to Joe Morrow is over, Joe Morrow is back on ice.
18:18 of 1st period - Slapshot by Jeffrey Foss.
18:18 of 1st period - Stopped by Sami Aittokallio without a rebound.
18:19 of 1st period - Antti Suomela wins face-off versus Kevin Rooney in Senators zone.
18:35 of 1st period - Snap shot by Victor Olofsson.
18:35 of 1st period - Stopped by Sami Aittokallio without a rebound.
18:36 of 1st period - Tomas Jurco wins face-off versus Sebastian Aho in Senators zone.
19:01 of 1st period - Wrist shot by Oliver Bjorkstrand.
19:01 of 1st period - Shot Blocked by Thomas Spelling.
19:05 of 1st period - Snap shot by Zemgus Girgensons.
19:05 of 1st period - Stopped by Laurent Brossoit with a rebound.
19:07 of 1st period - Slapshot by Dylan Blujus.
19:07 of 1st period - Stopped by Laurent Brossoit with a rebound.
19:50 of 1st period - Slapshot by Dylan Blujus.
19:50 of 1st period - Stopped by Laurent Brossoit without a rebound.
19:51 of 1st period - Jordan Schroeder wins face-off versus Kyle Rau in Wolves zone.
Goals for this period are 1 for Senators vs 1 for Wolves.
Shots for this period are 17 for Senators vs 12 for Wolves.

2nd period


0:01 of 2nd period - Sebastian Aho wins face-off versus Christoph Bertschy in neutral zone.
0:53 of 2nd period - Wrist shot by Dmitry Sinitsyn.
0:53 of 2nd period - Shot Misses the Net.
1:17 of 2nd period - Snap shot by Zachary Sanford.
1:17 of 2nd period - Shot Misses the Net.
1:19 of 2nd period - Snap shot by Zachary Sanford.
1:19 of 2nd period - Deflect By Antti Suomela.
1:19 of 2nd period - Stopped by Laurent Brossoit with a rebound.
1:21 of 2nd period - Wrist shot by Scott Harrington.
1:21 of 2nd period - Stopped by Laurent Brossoit with a rebound.
1:31 of 2nd period - Jeff Petry is hit by Zemgus Girgensons and loses puck.
2:02 of 2nd period - Slapshot by Thomas Spelling.
2:02 of 2nd period - Stopped by Sami Aittokallio with a rebound.
2:08 of 2nd period - Snap shot by Thomas Spelling.
2:08 of 2nd period - Shot Blocked by Jack Dougherty.
2:36 of 2nd period - Alexandre Grenier is hit by Zemgus Girgensons and loses puck.
2:45 of 2nd period - Snap shot by Alexandre Grenier.
2:45 of 2nd period - Stopped by Sami Aittokallio without a rebound.
2:46 of 2nd period - Chandler Stephenson wins face-off versus Sebastian Aho in Senators zone.
3:05 of 2nd period - Snap shot by Grant Besse.
3:05 of 2nd period - Stopped by Laurent Brossoit without a rebound.
3:06 of 2nd period - Kyle Rau wins face-off versus Kevin Rooney in Wolves zone.
3:25 of 2nd period - Kevin Rooney is hit by Kyle Rau and loses puck.
3:46 of 2nd period - Snap shot by Kevin Rooney.
3:46 of 2nd period - Deflect By Vitaly Abramov.
3:46 of 2nd period - Shot Misses the Net.
3:46 of 2nd period - Puck is out of play.
3:47 of 2nd period - Christoph Bertschy wins face-off versus Sebastian Aho in Wolves zone.
3:50 of 2nd period - Wrist shot by Tomas Jurco.
3:50 of 2nd period - Stopped by Laurent Brossoit with a rebound.
3:56 of 2nd period - Slapshot by Alexandre Grenier.
3:56 of 2nd period - Stopped by Sami Aittokallio without a rebound.
3:57 of 2nd period - Christoph Bertschy wins face-off versus Sebastian Aho in Senators zone.
4:52 of 2nd period - Wrist shot by Zachary Sanford.
4:52 of 2nd period - Shot Misses the Net.
5:08 of 2nd period - Wrist shot by Alexandre Grenier.
5:08 of 2nd period - Shot Blocked by Zachary Sanford.
5:10 of 2nd period - Snap shot by Sebastian Aho.
5:10 of 2nd period - Stopped by Sami Aittokallio with a rebound.
5:14 of 2nd period - Wrist shot by Sebastian Aho.
5:14 of 2nd period - Stopped by Sami Aittokallio with a rebound.
5:16 of 2nd period - Slapshot by Jeffrey Foss.
5:16 of 2nd period - Stopped by Sami Aittokallio without a rebound.
5:17 of 2nd period - Kyle Rau wins face-off versus Jordan Schroeder in Senators zone.
5:46 of 2nd period - Victor Olofsson is hit by Dmitry Sinitsyn and loses puck.
6:42 of 2nd period - Slapshot by Jeff Petry.
6:42 of 2nd period - Shot Blocked by Dmitry Sinitsyn.
8:11 of 2nd period - Joonas Lyytinen is hit by Wade Allison and loses puck.
8:22 of 2nd period - Jack Dougherty is hit by Thomas Spelling and loses puck.
9:25 of 2nd period - Vitaly Abramov is hit by Samuel Girard and loses puck.
10:22 of 2nd period - Tomas Jurco is hit by Victor Olofsson and loses puck.
11:03 of 2nd period - Dylan Blujus is hit by Sebastian Aho and loses puck.
11:12 of 2nd period - Wrist shot by Sebastian Aho.
11:12 of 2nd period - Stopped by Sami Aittokallio without a rebound.
11:13 of 2nd period - Kyle Rau wins face-off versus Christoph Bertschy in Senators zone.
12:03 of 2nd period - Scott Harrington is hit by Antti Suomela and loses puck.
12:18 of 2nd period - Zachary Sanford is hit by Wade Allison and loses puck.
12:32 of 2nd period - Off-side.
12:33 of 2nd period - Chandler Stephenson wins face-off versus Kyle Rau in neutral zone.
12:36 of 2nd period - Kyle Rau is hit by Scott Harrington and loses puck.
13:12 of 2nd period - Off-side.
13:13 of 2nd period - Jordan Schroeder wins face-off versus Sebastian Aho in neutral zone.
13:16 of 2nd period - Slapshot by Dmitry Sinitsyn.
13:16 of 2nd period - Stopped by Laurent Brossoit with a rebound.
13:18 of 2nd period - Snap shot by Keegan Lowe.
13:18 of 2nd period - Deflect By Jeffrey Foss.
13:18 of 2nd period - Stopped by Laurent Brossoit without a rebound.
13:19 of 2nd period - Sebastian Aho wins face-off versus Jordan Schroeder in Wolves zone.
13:19 of 2nd period - Sebastian Aho is hit by Zemgus Girgensons.
13:26 of 2nd period - Off-side.
13:27 of 2nd period - Christoph Bertschy wins face-off versus Sebastian Aho in neutral zone.
13:57 of 2nd period - Off-side.
13:58 of 2nd period - Kyle Rau wins face-off versus Jordan Schroeder in neutral zone.
14:10 of 2nd period - Snap shot by Zemgus Girgensons.
14:10 of 2nd period - Stopped by Laurent Brossoit with a rebound.
14:29 of 2nd period - Snap shot by Sebastian Aho.
14:29 of 2nd period - Deflect By Alexandre Grenier.
14:29 of 2nd period - Shot Misses the Net.
14:29 of 2nd period - Puck is out of play.
14:30 of 2nd period - Sebastian Aho wins face-off versus Christoph Bertschy in Senators zone.
14:31 of 2nd period - Wrist shot by Alexandre Grenier.
14:31 of 2nd period - Stopped by Sami Aittokallio with a rebound.
14:51 of 2nd period - Icing by Dmitry Sinitsyn.
14:52 of 2nd period - Kyle Rau wins face-off versus Christoph Bertschy in Senators zone.
14:53 of 2nd period - Snap shot by Eric Robinson.
14:53 of 2nd period - Goal by Eric Robinson - Senators : 1 - Wolves : 2.
14:54 of 2nd period - Sebastian Aho wins face-off versus Christoph Bertschy in neutral zone.
15:07 of 2nd period - Wrist shot by Zachary Sanford.
15:07 of 2nd period - Stopped by Laurent Brossoit with a rebound.
15:09 of 2nd period - Backhand shot by Dmitry Sinitsyn.
15:09 of 2nd period - Deflect By Zachary Sanford.
15:09 of 2nd period - Shot Misses the Net.
15:09 of 2nd period - Puck is out of play.
15:10 of 2nd period - Eric Robinson wins face-off versus Jordan Schroeder in Wolves zone.
15:22 of 2nd period - Wrist shot by Thomas Spelling.
15:22 of 2nd period - Stopped by Sami Aittokallio with a rebound.
15:24 of 2nd period - Slapshot by Joe Morrow.
15:24 of 2nd period - Stopped by Sami Aittokallio with a rebound.
15:36 of 2nd period - Lawson Crouse is hit by Zachary Sanford and loses puck.
16:15 of 2nd period - Anton Lindholm is hit by Jordan Schroeder and loses puck.
16:56 of 2nd period - Slapshot by Kevin Rooney.
16:56 of 2nd period - Shot Misses the Net.
17:19 of 2nd period - Jalen Chatfield is hit by Jordan Schroeder and loses puck.
18:42 of 2nd period - Kevin Rooney is hit by Sebastian Aho and loses puck.
18:49 of 2nd period - Snap shot by Sebastian Aho.
18:49 of 2nd period - Shot Misses the Net.
19:21 of 2nd period - Eric Robinson is hit by William Bitten and loses puck.
19:22 of 2nd period - Eric Robinson from Wolves is injured at 19:22 of 2nd period (Strained Back).
19:23 of 2nd period - Christoph Bertschy wins face-off versus Sebastian Aho in Wolves zone.
19:26 of 2nd period - Backhand shot by Zachary Sanford.
19:26 of 2nd period - Stopped by Laurent Brossoit with a rebound.
19:28 of 2nd period - Snap shot by Tomas Jurco.
19:28 of 2nd period - Shot Blocked by Joe Morrow.
19:36 of 2nd period - Wrist shot by Zachary Sanford.
19:36 of 2nd period - Deflect By Christoph Bertschy.
19:36 of 2nd period - Shot Misses the Net.
19:36 of 2nd period - Puck is out of play.
19:37 of 2nd period - Sebastian Aho wins face-off versus Christoph Bertschy in Wolves zone.
19:39 of 2nd period - Minor Penalty to Jeffrey Foss for Hooking.
19:40 of 2nd period - Lawson Crouse wins face-off versus Christoph Bertschy in Wolves zone.
Goals for this period are 0 for Senators vs 1 for Wolves.
Shots for this period are 9 for Senators vs 11 for Wolves.

3rd period


0:01 of 3rd period - Kyle Rau wins face-off versus Christoph Bertschy in neutral zone.
0:04 of 3rd period - Slapshot by Joe Morrow.
0:04 of 3rd period - Shot Blocked by Zachary Sanford.
1:33 of 3rd period - Oliver Bjorkstrand is hit by Fredrik Olofsson and loses puck.
1:39 of 3rd period - Penalty to Jeffrey Foss is over, Jeffrey Foss is back on ice.
1:48 of 3rd period - Jack Dougherty is hit by Jalen Chatfield and loses puck.
1:53 of 3rd period - Slapshot by Jeffrey Foss.
1:53 of 3rd period - Shot Misses the Net.
1:55 of 3rd period - Slapshot by Joe Morrow.
1:55 of 3rd period - Stopped by Sami Aittokallio with a rebound.
1:57 of 3rd period - Slapshot by Jalen Chatfield.
1:57 of 3rd period - Shot Hit the Post.
2:05 of 3rd period - Snap shot by Jeffrey Foss.
2:05 of 3rd period - Shot Blocked by Kevin Rooney.
2:07 of 3rd period - Snap shot by Fredrik Olofsson.
2:07 of 3rd period - Stopped by Sami Aittokallio with a rebound.
2:09 of 3rd period - Slapshot by Jalen Chatfield.
2:09 of 3rd period - Shot Misses the Net.
2:11 of 3rd period - Wrist shot by Jeffrey Foss.
2:11 of 3rd period - Deflect By Thomas Spelling.
2:11 of 3rd period - Shot Blocked by Joonas Lyytinen.
2:11 of 3rd period - Puck is out of play.
2:12 of 3rd period - Christoph Bertschy wins face-off versus Matthew Highmore in Senators zone.
3:25 of 3rd period - Icing by Chandler Stephenson.
3:26 of 3rd period - Jordan Schroeder wins face-off versus Sebastian Aho in Senators zone.
3:59 of 3rd period - Wrist shot by Zachary Sanford.
3:59 of 3rd period - Shot Misses the Net.
4:15 of 3rd period - Snap shot by Wade Allison.
4:15 of 3rd period - Stopped by Sami Aittokallio with a rebound.
4:17 of 3rd period - Snap shot by Jeffrey Foss.
4:17 of 3rd period - Deflect By Matthew Highmore.
4:17 of 3rd period - Stopped by Sami Aittokallio without a rebound.
4:18 of 3rd period - Sebastian Aho wins face-off versus Jordan Schroeder in Senators zone.
4:21 of 3rd period - Snap shot by Sebastian Aho.
4:21 of 3rd period - Stopped by Sami Aittokallio with a rebound.
4:55 of 3rd period - Snap shot by Wade Allison.
4:55 of 3rd period - Shot Blocked by Dmitry Sinitsyn.
5:09 of 3rd period - Slapshot by Keegan Lowe.
5:09 of 3rd period - Shot Misses the Net.
6:05 of 3rd period - Keegan Lowe is hit by Alexandre Grenier and loses puck.
6:46 of 3rd period - Icing by Jeffrey Foss.
6:47 of 3rd period - Sebastian Aho wins face-off versus Oliver Bjorkstrand in Wolves zone.
7:04 of 3rd period - Wrist shot by Sebastian Aho.
7:04 of 3rd period - Shot Misses the Net.
7:14 of 3rd period - Slapshot by Alexandre Grenier.
7:14 of 3rd period - Shot Misses the Net.
7:16 of 3rd period - Wrist shot by Alexandre Grenier.
7:16 of 3rd period - Stopped by Sami Aittokallio without a rebound.
7:17 of 3rd period - Kyle Rau wins face-off versus Vitaly Abramov in Senators zone.
7:59 of 3rd period - Jeff Petry is hit by Oliver Bjorkstrand and loses puck.
8:12 of 3rd period - Snap shot by Scott Harrington.
8:12 of 3rd period - Shot Blocked by Samuel Girard.
8:20 of 3rd period - Dylan Blujus is hit by Victor Olofsson and loses puck.
8:33 of 3rd period - Slapshot by Dylan Blujus.
8:33 of 3rd period - Shot Misses the Net.
8:35 of 3rd period - Snap shot by William Bitten.
8:35 of 3rd period - Goal by William Bitten - Senators : 2 - Wolves : 2.
8:36 of 3rd period - Kyle Rau wins face-off versus Christoph Bertschy in neutral zone.
8:57 of 3rd period - Christoph Bertschy is hit by Thomas Spelling and loses puck.
9:11 of 3rd period - Off-side.
9:12 of 3rd period - Jordan Schroeder wins face-off versus Matthew Highmore in neutral zone.
9:23 of 3rd period - Slapshot by Matthew Highmore.
9:23 of 3rd period - Shot Misses the Net.
10:20 of 3rd period - Slapshot by Jordan Schroeder.
10:20 of 3rd period - Goal by Jordan Schroeder - Senators : 3 - Wolves : 2.
10:21 of 3rd period - Christoph Bertschy wins face-off versus Sebastian Aho in neutral zone.
10:32 of 3rd period - Snap shot by Christoph Bertschy.
10:32 of 3rd period - Shot Misses the Net.
11:53 of 3rd period - Snap shot by Zachary Sanford.
11:53 of 3rd period - Shot Misses the Net.
12:05 of 3rd period - Snap shot by Zemgus Girgensons.
12:05 of 3rd period - Shot Misses the Net.
12:07 of 3rd period - Wrist shot by Joonas Lyytinen.
12:07 of 3rd period - Stopped by Laurent Brossoit with a rebound.
12:09 of 3rd period - Snap shot by Jack Dougherty.
12:09 of 3rd period - Stopped by Laurent Brossoit without a rebound.
12:10 of 3rd period - Sebastian Aho wins face-off versus Kevin Rooney in Wolves zone.
12:56 of 3rd period - Minor Penalty to Wade Allison for Tripping.
12:57 of 3rd period - Kyle Rau wins face-off versus Christoph Bertschy in Wolves zone.
12:57 of 3rd period - Kyle Rau is hit by Dmitry Sinitsyn.
14:56 of 3rd period - Penalty to Wade Allison is over, Wade Allison is back on ice.
15:08 of 3rd period - Snap shot by Joe Morrow.
15:08 of 3rd period - Deflect By Kieffer Bellows.
15:08 of 3rd period - Goal by Kieffer Bellows - Senators : 3 - Wolves : 3.
15:09 of 3rd period - Jordan Schroeder wins face-off versus Antti Suomela in neutral zone.
15:12 of 3rd period - Antti Suomela is hit by Zemgus Girgensons and loses puck.
15:23 of 3rd period - Slapshot by Anton Lindholm.
15:23 of 3rd period - Shot Misses the Net.
15:25 of 3rd period - Slapshot by Jeff Petry.
15:25 of 3rd period - Stopped by Sami Aittokallio with a rebound.
15:42 of 3rd period - Wrist shot by Christoph Bertschy.
15:42 of 3rd period - Stopped by Laurent Brossoit without a rebound.
15:43 of 3rd period - Christoph Bertschy wins face-off versus Sebastian Aho in Wolves zone.
15:44 of 3rd period - Backhand shot by Zachary Sanford.
15:44 of 3rd period - Shot Misses the Net.
15:53 of 3rd period - Slapshot by Alexandre Grenier.
15:53 of 3rd period - Shot Blocked by Zachary Sanford.
16:09 of 3rd period - Joe Morrow is hit by Oliver Bjorkstrand.
16:31 of 3rd period - Jeff Petry is hit by Grant Besse and loses puck.
16:56 of 3rd period - Wrist shot by Zachary Sanford.
16:56 of 3rd period - Shot Blocked by Lawson Crouse.
16:58 of 3rd period - Wrist shot by Christoph Bertschy.
16:58 of 3rd period - Shot Misses the Net.
Goals for this period are 2 for Senators vs 1 for Wolves.
Shots for this period are 5 for Senators vs 8 for Wolves.

Overtime #1


0:01 of 1st overtime period - Kyle Rau wins face-off versus Christoph Bertschy in neutral zone.
1:12 of 1st overtime period - Snap shot by Victor Olofsson.
1:12 of 1st overtime period - Stopped by Sami Aittokallio without a rebound.
1:13 of 1st overtime period - Kevin Rooney wins face-off versus Victor Olofsson in Senators zone.
1:18 of 1st overtime period - Victor Olofsson is hit by Zemgus Girgensons and loses puck.
3:52 of 1st overtime period - Zemgus Girgensons is hit by Joe Morrow and loses puck.
Goals for this period are 0 for Senators vs 0 for Wolves.
Shots for this period are 0 for Senators vs 1 for Wolves.

ShootOut


5:00 of 1st overtime period - Round #1.
5:00 of 1st overtime period - Senators, Tomas Jurco.
5:00 of 1st overtime period - Wrist shot by Tomas Jurco.
5:00 of 1st overtime period - Stopped by Laurent Brossoit.
5:00 of 1st overtime period - Wolves, Alexandre Grenier.
5:00 of 1st overtime period - Deke by Alexandre Grenier.
5:00 of 1st overtime period - Goal by Alexandre Grenier.
5:00 of 1st overtime period - Round #2.
5:00 of 1st overtime period - Senators, Oliver Bjorkstrand.
5:00 of 1st overtime period - Backhand shot by Oliver Bjorkstrand.
5:00 of 1st overtime period - Stopped by Laurent Brossoit.
5:00 of 1st overtime period - Wolves, Kyle Rau.
5:00 of 1st overtime period - Snap shot by Kyle Rau.
5:00 of 1st overtime period - Stopped by Sami Aittokallio.
5:00 of 1st overtime period - Round #3.
5:00 of 1st overtime period - Senators, Zachary Sanford.
5:00 of 1st overtime period - Wrist shot by Zachary Sanford.
5:00 of 1st overtime period - Shot Misses the Net.